 Dungeon Crawl Stone Soup version 0.15.1-4-gac8487e (webtiles) character file.

217 Johnny the Chiller (level 5, -1/41 HPs)
             Began as a Demigod Ice Elementalist on Oct 14, 2014.
             Slain by an iron imp (5 damage)
             ... summoned by miscasting Summon Ice Beast
             ... on Level 3 of the Dungeon.
             The game lasted 00:08:00 (3572 turns).

Johnny the Chiller (Demigod Ice Elementalist)       Turns: 3572, Time: 00:08:00

HP  -1/41        AC  5     Str 12      XL: 5   Next: 35%
MP   2/13        EV  9     Int 20      God:
Gold 138         SH  0     Dex 17      Spells:  2 memorised,  4 levels left

rFire  + . .     SeeInvis .     k - +2 dagger (flame)
rCold  + + .     Clarity  .     p - +0 ring mail (curse)
rNeg   . . .     rCorr    +     (no shield)
rPois  +         rRot     .     (no helmet)
rElec  +         Spirit   .     (no cloak)
SustAb .         Warding  .     (no gloves)
rMut   .         Stasis   .     (no boots)
Gourm  .                        (no amulet)
MR     .....                    j - ring of poison resistance
                                g - ring of protection from cold

@: resistant, slightly contaminated, glowing, not resistant to hostile
enchantments, very unstealthy
A: no striking features
a: no special abilities


You were on level 3 of the Dungeon.
You were very hungry.

You visited 1 branch of the dungeon, and saw 5 of its levels.

You collected 138 gold pieces.

Inventory:

Hand weapons
 k - a +2 dagger of flaming (weapon)
 m - a +0 spear
Armour
 p - a cursed +0 ring mail (worn)
Comestibles
 a - 2 fruits
 c - 2 bread rations
Scrolls
 d - 3 scrolls of random uselessness
 f - 2 scrolls of identify {unknown}
 h - 2 scrolls of enchant armour {unknown}
 i - a scroll of magic mapping {unknown}
 l - 2 scrolls of fear
 n - a scroll of fog {unknown}
 o - 2 scrolls of remove curse {unknown}
 r - 2 scrolls of teleportation {unknown}
Jewellery
 g - a ring of protection from cold (left hand)
 j - a ring of poison resistance (right hand)
Potions
 e - a potion of might
 t - a potion of agility {unknown}
Books
 b - a book of Frost

   Spells                             Type                      Level
   *Freeze                            Ice                          1
   Throw Frost                        Conjuration/Ice              2
   Ozocubu's Armour                   Charms/Ice                   3
   Throw Icicle                       Conjuration/Ice              4
   *Summon Ice Beast                  Ice/Summoning                4
   Condensation Shield                Ice                          4


   Skills:
 * Level 2.0 Fighting
 + Level 1.0 Armour
 + Level 2.4 Dodging
 + Level 2.5 Stealth
 * Level 2.9 Spellcasting
   Level 0.8 Conjurations
 * Level 1.0 Summonings
 * Level 3.3 Ice Magic


You had 4 spell levels left.
You knew the following spells:

 Your Spells              Type           Power        Failure   Level  Hunger
a - Freeze                Ice            ###.         6%          1    None
b - Summon Ice Beast      Ice/Summ       ##......     88%         4    ####...


Dungeon Overview and Level Annotations

Branches:
Dungeon (5/15)
 Temple: D:4-7

Shops:
D:2 *

Annotations:
D:4 Edmund


Message History

There is a stone staircase leading down here.
Read which item? (? for menu, Esc to quit)
Okay, then.
Casting: Summon Ice Beast
Confirm with . or Enter, or press ? or * to list all spells.
You don't have enough magic to cast that spell.
Unknown command.
The orc wizard barely misses you.
The orc wizard hits you but does no damage.
Drink which item? (? for menu, Esc to quit)
You feel protected.
It was a potion of resistance.
The orc wizard hits you with a dagger. The iron imp hits you!
* * * LOW HITPOINT WARNING * * *
The orc wizard hits you but does no damage.
The orc barely misses you.
Drink which item? (? for menu, Esc to quit)
You feel refreshed.
It was a potion of restore abilities.
The orc wizard barely misses you. The iron imp hits you.
You die...

#...........####.####...<.....
#.........######.# ##.........
#......#### #...###..........
#......# #####.##.............
#.....####........##########.#
###.....###.........## ##...
#.....#.##...........# ##....
#.......##......o>...# #...).
#......###.....@5g...# #...(.
#.....## ##.....o...## #.....
#.....# ##...#...## #.....
####### ######### #.....
#..... ##.... ##... ####


You could see an iron imp, an orc wizard, an orc and a goblin.

Vanquished Creatures
  A hippogriff zombie (D:3)
  2 orc priests (D:3)
  An orc wizard (D:3)
  4 worms (D:2)
  3 giant geckos
  9 orcs
  6 giant cockroaches
  9 hobgoblins
  2 jackals (D:1)
  7 kobolds
  A quokka (D:3)
  A ball python (D:1)
  4 bats
  4 giant newts
  7 goblins
  9 rats
70 creatures vanquished.

Notes
Turn   | Place    | Note
--------------------------------------------------------------
     0 | D:1      | Johnny, the Demigod Ice Elementalist, began the quest for the Orb.
     0 | D:1      | Reached XP level 1. HP: 14/14 MP: 3/3
   215 | D:1      | Found a sparkling altar of Nemelex Xobeh.
   354 | D:1      | Reached XP level 2. HP: 22/22 MP: 2/4
  1196 | D:2      | Reached skill level 1 in Fighting
  1196 | D:2      | Reached XP level 3. HP: 19/28 MP: 8/8
  1408 | D:2      | Found Zin's Purification Station.
  1411 | D:2      | Found a glowing silver altar of Zin.
  1496 | D:2      | Reached skill level 3 in Ice Magic
  1956 | D:3      | Reached XP level 4. HP: 5/35 MP: 2/11
  2031 | D:3      | Learned a level 4 spell: Summon Ice Beast
  2462 | D:3      | Reached skill level 1 in Armour
  2634 | D:3      | Noticed a spatial vortex
  2634 | D:3      | Noticed a spatial vortex
  2634 | D:3      | Noticed a spatial vortex
  2634 | D:3      | Noticed a spatial vortex
  2903 | D:3      | Reached skill level 1 in Summonings
  2903 | D:3      | Reached XP level 5. HP: 29/41 MP: 2/12
  3339 | D:4      | Noticed Edmund
  3346 | D:4      | Noticed a spatial vortex
  3360 | D:5      | Entered Level 5 of the Dungeon
  3572 | D:3      | Slain by an iron imp

Action                   |  1- 3 |  4- 6 || total
-------------------------+-------+-------++-------
Melee: Unarmed           |    23 |       ||    23
       Club              |    16 |       ||    16
       Spear             |    42 |       ||    42
       Dagger            |    28 |    59 ||    87
 Cast: Freeze            |    46 |    27 ||    73
       Summon Ice Beast  |       |     2 ||     2
  Use: Potion            |     3 |     2 ||     5
       Scroll            |       |     2 ||     2
 Stab: Sleeping          |     2 |     1 ||     3
  Eat: Chunk             |     3 |     7 ||    10
       Fruit             |       |     1 ||     1
